[Event "Early-Titled-Tuesday-Blitz-March-05-2024"]
[Site "Chess.com"]
[Date "2024.03.05"]
[Round "11"]
[White "tusplingher"]
[Black "Shuvalov"]
[Result "1/2-1/2"]
[WhiteElo "2458"]
[BlackElo "2537"]
[TimeControl "180+1"]
[EndTime "10:10:11 PST"]
[Termination "Game drawn by repetition"]

1. e4 e6 2. d4 d5 3. Nc3 Bb4 4. Ne2 Nc6 5. a3 Ba5 6. b4 Bb6 7. exd5 exd5 8. Be3 Nf6 9. h3 O-O 10. Nf4 Ne7 11. Be2 c6 12. O-O Nf5 13. Bd3 Re8 14.
Qd2 h6 15. Bxf5 Bxf5 16. Rfe1 Qd6 17. Nd3 Bxd3 18. Qxd3 Ne4 19. Nxe4 Rxe4 20. f3 Re6 21.
Bf2 Rae8 22. Rxe6 Rxe6 23. c3 Bc7 24. g3 Qe7 25. Kf1 Qd7 26. Kg2 Qe7 27. Kf1 Qg5 28. f4 Qh5 29. g4 Qg6 30. f5 Qh7 31. Re1 Rxe1+ 32. Bxe1 Kf8 33. Bg3 Bd8 34. Qe3 Be7 35. Qe5 f6 36. Qb8+ Kf7 37. Qxb7 Qg8 38. Bd6 Qd8 39.
Bxe7 Qxe7 40. Qxc6 Qe4 41. Qe6+ Qxe6 42. fxe6+ Kxe6 43.
Ke2 f5 44. Kf3 fxg4+ 45. hxg4 g6 46. a4 a6 47. Kf4 Kd6 48. Kf3 Ke6 49. Ke3 Kd6 50.
a5 Kc6 51. Kf4 Kd6 52. Kf3 Kc6 53. Kf4 Kd6 54. g5 h5 55. Kg3 Kc6 56. Kf4 Kd6 57. Kg3 Kc6 58. Kf4 Kd6 1/2-1/2

[Event "Early-Titled-Tuesday-Blitz-March-05-2024"]
[Site "Chess.com"]
[Date "2024.03.05"]
[Round "11"]
[White "viviania"]
[Black "sokidze"]
[Result "0-1"]
[WhiteElo "2887"]
[BlackElo "2793"]
[TimeControl "180+1"]
[EndTime "10:10:12 PST"]
[Termination "sokidze won on time"]

1. d4 d5 2. c4 e6 3. Nc3 a6 4.
cxd5 exd5 5. Bf4 Nf6 6. e3 Bd6 7. Bg3 O-O 8. Bd3 Bxg3 9. hxg3 h6 10. Nf3 Re8 11. Qc2 c6 12. b4 Qd6 13. Rb1 Bg4 14. Ne5 Nbd7 15. f4 b6 16. O-O c5 17.
bxc5 bxc5 18. Qd2 Rab8 19. Rxb8 Rxb8 20. Rb1 Rxb1+ 21. Bxb1 g6 22. dxc5 Qxc5 23. Qd4 h5 24. Bd3 Qc6 25. Nxd7 Bxd7 26. a4 Bf5 27. Bxf5 gxf5 28.
Qe5 Ng4 29. Qd4 Qc4 30. Qxc4 dxc4 31. Kf1 Nxe3+ 32. Ke2 Nc2 33. Nd5 Nd4+ 34. Kd2 Nb3+ 35. Kc3 Nc5 36. a5 Nb7 37. Kb4 Kg7 38. Nc7 c3 39.
Kxc3 Nxa5 40. Nxa6 Nc6 41. Nc5 Ne7 42. Kd3 Ng6 43. Ke3 h4 44. gxh4 Nxh4 45. g3 Ng6 46. Kd4 Kf6 47. Kd5 Ne7+ 48. Kd6 Ng6 49. Nd7+ Kg7 50.
Ne5 Kf6 0-1

[Event "Early-Titled-Tuesday-Blitz-March-05-2024"]
[Site "Chess.com"]
[Date "2024.03.05"]
[Round "11"]
[White "PepeCuenca"]
[Black "alexrustemov"]
[Result "1-0"]
[WhiteElo "2723"]
[BlackElo "2803"]
[TimeControl "180+1"]
[EndTime "10:10:12 PST"]
[Termination "PepeCuenca won on time"]

1. d4 d5 2. Bf4 Nf6 3. e3 c5 4.
dxc5 e6 5. b4 a5 6. c3 axb4 7. cxb4 b6 8. Bxb8 Rxb8 9. Bb5+ Ke7 10. c6 g6 11. Nd2 Bg7 12. Rc1 Ne8 13. Ngf3 Qd6 14. a3 Nc7 15. Bd3 Ra8 16. Qb3 Ba6 17.
Nd4 e5 18. Ne2 Rhd8 19. O-O Bc8 20. a4 Be6 21. b5 f5 22. Qd1 Bf6 23. Re1 Kf7 24.
Bc2 h5 25. Bb3 h4 26. Qc2 g5 27.
Rcd1 g4 28. Qc3 Kg7 29. Qc2 Rh8 30. Nb1 Rad8 31. Nbc3 h3 32. g3 Qb4 33. Na2 Qd6 34. Rd2 Rhe8 35. Red1 Qe7 36. Nac3 Rd6 37. Qa2 d4 38. Bxe6 Nxe6 39. Nb1 Red8 40. exd4 exd4 41. Rd3 Nc5 42. Nf4 Nxd3 43. Nxd3 Ra8 44. Qc2 Qe4 45. Ne1 d3 46. Qd2 Qxa4 47. Nc3 Qc4 48. Qf4 Rad8 49. Qxc4 d2 50. Nc2 Re8 51. Ne3 Rde6 52. c7 Bg5 53.
c8=Q 1-0

[Event "Early-Titled-Tuesday-Blitz-March-05-2024"]
[Site "Chess.com"]
[Date "2024.03.05"]
[Round "11"]
[White "Nuvas"]
[Black "NewYearGirl"]
[Result "1-0"]
[WhiteElo "2810"]
[BlackElo "2430"]
[TimeControl "180+1"]
[EndTime "10:10:12 PST"]
[Termination "Nuvas won by resignation"]

1. d4 Nf6 2. c4 c5 3. d5 b5 4.
cxb5 a6 5. bxa6 e6 6. Nc3 exd5 7. Nxd5 Be7 8. e4 O-O 9. Nf3 Nc6 10. Be2 Bxa6 11. O-O Nxe4 12. Bxa6 Rxa6 13. Re1 f5 14. Nd2 Bh4 15. g3 Bf6 16. Nxe4 fxe4 17. Nxf6+ Qxf6 18. Qd5+ Kh8 19. Be3 Nd4 20. Bxd4 cxd4 21. Rf1 Re6 22. a4 d3 23. a5 h6 24. a6 Rxa6 25. Rxa6 Qxa6 26.
Qxe4 d2 27. Qe3 Qa5 28. Rd1 Rd8 29. Qxd2 Qb5 30. Qd4 d5 31. Ra1 Rb8 32. Rb1 Qb3 33.
h4 Rc8 34. Rd1 Rd8 35. Re1 Rb8 36. Re7 Rg8 37. Rd7 Qc4 38. Rxd5 Qc1+ 39. Kg2 Qc6 40. Kh2 Rf8 41. Rd6 Qc2 42. Rxh6+ Kg8 43. Qd5+ Rf7 44.
Qd8+ Rf8 45. Rh8+ Kxh8 46. Qxf8+ Kh7 47. b4 Qc4 48. Qf4 Qb5 49. Qe4+ g6 50. Qe7+ Kh6 51. Qf8+ Kh7 52. Qc5 Qe2 53. b5 1-0

[Event "Early-Titled-Tuesday-Blitz-March-05-2024"]
[Site "Chess.com"]
[Date "2024.03.05"]
[Round "11"]
[White "Harry_Rakkel"]
[Black "RobertoJBM"]
[Result "0-1"]
[WhiteElo "2688"]
[BlackElo "2831"]
[TimeControl "180+1"]
[EndTime "10:10:12 PST"]
[Termination "RobertoJBM won on time"]

1. e4 c6 2. Nf3 d5 3. d3 g6 4.
Nbd2 Bg7 5. g3 e5 6. Bg2 Ne7 7.
O-O O-O 8. a4 d4 9. b4 f6 10. c3 dxc3 11. Qb3+ Kh8 12. Qxc3 Na6 13. Ba3 Nc7 14. Rfd1 Ne6 15. b5 Re8 16. Nc4 c5 17. Ra2 b6 18. a5 Bd7 19. Rb1 Nc8 20. Bc1 Rb8 21. h4 h5 22. Kh2 Bf8 23. axb6 axb6 24. Ne3 Nd6 25. Nd5 Nxb5 26. Qd2 Bc6 27. Ra6 Nec7 28.
Rxb6 Rxb6 29. Nxb6 Nd4 30. Nxd4 cxd4 31. Nc4 Nb5 32.
Ra1 Qc7 33. Bh3 Nc3 34. Ba3 Bxa3 35. Rxa3 Kg7 36. Ra6 Re7 37. Qb2 Bb5 38. Ra1 Bxc4 39. dxc4 Qxc4 40. Qb8 Qc7 41. Qb3 Qb7 42. Qc4 Rc7 43.
Qe6 Qc6 44. Qb3 Rb7 45. Qa3 Qb6 46. Be6 Qb4 47. Qa8 Qe7 48. Qg8+ Kh6 49. Ra8 Qg7 50. Qc8 Re7 51. Kg2 Nxe4 52. Bd5 f5 53. Qc6 Nf6 54. Ra6 Nxd5 55. Qxd5 e4 56. Qd8 Kh7 0-1

[Event "Early-Titled-Tuesday-Blitz-March-05-2024"]
[Site "Chess.com"]
[Date "2024.03.05"]
[Round "11"]
[White "RianKapriaga"]
[Black "FischerKasparow"]
[Result "1-0"]
[WhiteElo "2295"]
[BlackElo "2087"]
[TimeControl "180+1"]
[EndTime "10:10:13 PST"]
[Termination "RianKapriaga won on time"]

1. d4 c5 2. d5 Nf6 3. Nf3 g6 4. Nc3 Bg7 5. e4 O-O 6. Be2 d6 7. O-O Na6 8. Nd2 Nc7 9. a4 b6 10. Nc4 a6 11. Nxb6 Rb8 12. a5 Nd7 13. Nxc8 Qxc8 14.
Ra2 Bxc3 15. bxc3 Nb5 16. Bd2 Nf6 17. f3 e6 18. dxe6 Qxe6 19. Rb2 Nd4 20. Rxb8 Nxe2+ 21. Qxe2 Rxb8 22. Qxa6 Rb2 23. Bh6 Qe5 24. Qc8+ Qe8 25.
Qxe8+ Nxe8 26. Ra1 Nc7 27. a6 Na8 28. a7 f6 29. Ra6 Rb7 30. Be3 Kf7 31. Rxd6 Rxa7 32. Bxc5 Ra2 33. Bd4 Rxc2 34. Rxf6+ Ke7 35. Rc6 Kd7 36. Rf6 Ke7 37. Ra6 Nc7 38. Ra7 Kd6 39. e5+ Kc6 40. h4 Ne6 41. Ra6+ Kd5 42. Rd6+ Kc4 43.
Rxe6 Kd3 44. Rf6 Rc1+ 45. Kh2 Ke2 46. e6 Kf1 47. Rf4 Rc2 48. Rg4 Re2 49. Re4 Rxg2+ 50. Kh3 g5 51. Be3 g4+ 52. Rxg4 Re2 53. Re4 h5 54. e7 1-0

[Event "Early-Titled-Tuesday-Blitz-March-05-2024"]
[Site "Chess.com"]
[Date "2024.03.05"]
[Round "11"]
[White "Binary010"]
[Black "Juwen"]
[Result "1-0"]
[WhiteElo "2819"]
[BlackElo "2660"]
[TimeControl "180+1"]
[EndTime "10:10:14 PST"]
[Termination "Binary010 won on time"]

1. e4 c5 2. Nf3 e6 3. d4 cxd4 4.
Nxd4 Nc6 5. Nc3 Nf6 6. Ndb5 d6 7.
Bf4 e5 8. Bg5 a6 9. Na3 b5 10.
Nab1 Be7 11. Bxf6 Bxf6 12. a4 b4 13. Nd5 Bg5 14. Bc4 O-O 15. O-O Be6 16. Qd3 a5 17.
c3 bxc3 18. Nbxc3 Rb8 19. Nb5 Kh8 20. Rad1 f5 21. Ndc7 Bc8 22. Qxd6 Qxd6 23. Nxd6 h6 24. Ncb5 fxe4 25. Nf7+ Kh7 26. Nxg5+ hxg5 27. Bd5 Nb4 28. Bxe4+ Kh8 29. Rfe1 Ba6 30. Nd6 Rf6 31. Bb1 Nd3 32.
Bxd3 Rxd6 33. Bxa6 Rxa6 34. Rd2 Re6 35. g3 Rb4 36.
Rd5 Rxa4 37. Rexe5 Rxe5 38. Rxe5 g4 39. Kg2 Kh7 40. Kf1 Kg6 41. Ke2 Kf6 42. Rb5 g6 43. Ke3 Ke6 44. b3 Ra3 45. Kf4 Ra2 46. Kxg4 Rxf2 47. h4 Rb2 48. Kg5 Kf7 49. Rb7+ Kf8 50. Rb5 Kf7 51. g4 Ke6 52. Rxa5 Rxb3 53. Kxg6 Rb4 54.
Kg5 Kf7 55. h5 1-0

[Event "Early-Titled-Tuesday-Blitz-March-05-2024"]
[Site "Chess.com"]
[Date "2024.03.05"]
[Round "11"]
[White "SpeedofLight0"]
[Black "MagnusCarlsen"]
[Result "1-0"]
[WhiteElo "3090"]
[BlackElo "3256"]
[TimeControl "180+1"]
[EndTime "10:10:15 PST"]
[Termination "SpeedofLight0 won on time"]

1. d4 g6 2. e4 d6 3. Nc3 c6 4. f4 d5 5. e5 h5 6. Nf3 Bg4 7. Be3 e6 8. h3 Bxf3 9. Qxf3 h4 10. Bd3 Nh6 11. Ne2 Be7 12. O-O a5 13. b3 Na6 14. c4 Nb4 15. Bb1 a4 16. Bd2 axb3 17. Qxb3 dxc4 18. Qxc4 Nd5 19. Qb3 b5 20. Be4 O-O 21. Qc2 Nf5 22. Qxc6 b4 23.
Rfc1 Ra3 24. Rc2 Nxf4 25. Bxf4 Nxd4 26. Qc4 Nxe2+ 27. Qxe2 Qd4+ 28. Kh2 Qxa1 29. Qg4 Qe1 30. Re2 Qf1 31. Bxg6 Rg3 32. Bxg3 hxg3+ 33. Qxg3 fxg6 34. Qxg6+ Kh8 35. Qh6+ Kg8 36. Qg6+ Kh8 37. Qh6+ Kg8 38.
Re4 Qf5 39. Rg4+ Kf7 40. Rf4 Qxf4+ 41. Qxf4+ Ke8 42. Qc4 Kf7 43. h4 Rd8 44. g3 Rd5 45.
Qf4+ Ke8 46. h5 Ra5 47. h6 Rxa2+ 48. Kh3 Ra1 49. Qe4 Kf7 50. h7 Kg7 51. Qg4+ Kxh7 52. Qxe6 Ra7 53. Kg4 Kg7 54. Kf5 Bf8 55. Qg6+ Kh8 56.
Qe8 Kg8 57. e6 Kg7 58. Qb5 Rc7 59. Qe5+ 1-0

[Event "Early-Titled-Tuesday-Blitz-March-05-2024"]
[Site "Chess.com"]
[Date "2024.03.05"]
[Round "11"]
[White "Felix-Rose"]
[Black "db-banana"]
[Result "0-1"]
[WhiteElo "2288"]
[BlackElo "2466"]
[TimeControl "180+1"]
[EndTime "10:10:15 PST"]
[Termination "db-banana won by checkmate"]

1. e4 Nf6 2. e5 Nd5 3. d4 d6 4. c4 Nb6 5. exd6 cxd6 6. Nc3 g6 7. Be3 Bg7 8. Rc1 O-O 9. b3 Nc6 10. d5 Ne5 11. Be2 e6 12. f4 Ned7 13. dxe6 fxe6 14.
Qxd6 Nf6 15. Qxd8 Rxd8 16. h3 Nh5 17. Bxh5 gxh5 18. Nf3 Rd3 19. Bd2 Rd8 20. O-O Bd7 21. Rfe1 Bc6 22. Re2 Rd3 23. Ne5 Bxe5 24. fxe5 Rad8 25.
Be3 Nd7 26. Bg5 Rf8 27. Rf1 Rxf1+ 28. Kxf1 Rxc3 29. Kf2 Nc5 30. Be3 Ne4+ 31. Kg1 Ng3 32. Re1 Rc2 33. Bf2 Ne2+ 34. Kh2 Nf4 35. Kg3 Nd3 36.
Rf1 h4+ 37. Kxh4 Rxf2 38. Rd1 Nxe5 39. Rd8+ Kf7 40. g4 Ng6+ 41. Kg5 Ne7 42. Rh8 Rxa2 43. Rxh7+ Ke8 44. Kf6 Rf2+ 45. Kxe6 Re2+ 46. Kf6 Ng8+ 47.
Kg7 Re7+ 48. Kxg8 Rxh7 49. Kxh7 Kf7 50. g5 Be4+ 51. Kh6 Bc2 52. b4 b6 53. c5 bxc5 54. bxc5 Be4 55. h4 a5 56. h5 a4 57.
g6+ Kg8 58. Kg5 a3 59. h6 a2 60. h7+ Kg7 61. c6 a1=Q 62. c7 Qf6+ 63. Kg4 Qxg6+ 64.
Kf4 Qd6+ 65. Kxe4 Qxc7 66. h8=Q+ Kxh8 67. Kd5 Qb6 68. Ke5 Qc6 69. Kf5 Qd6 70. Kg5 Qe6 71.
Kh5 Qg8 72. Kh6 Qg7+ 73. Kh5 Kg8 74. Kh4 Kf7 75. Kh3 Ke6 76. Kh2 Kf5 77. Kh3 Qg1 78. Kh4 Qg4# 0-1

[Event "Early-Titled-Tuesday-Blitz-March-05-2024"]
[Site "Chess.com"]
[Date "2024.03.05"]
[Round "11"]
[White "Chessbard1972"]
[Black "LornerAcosta"]
[Result "0-1"]
[WhiteElo "2460"]
[BlackElo "2618"]
[TimeControl "180+1"]
[EndTime "10:10:16 PST"]
[Termination "LornerAcosta won by resignation"]

1. d4 d5 2. c4 e6 3. Nc3 Nf6 4.
Bg5 Nbd7 5. cxd5 exd5 6. e3 Be7 7. Qc2 c6 8. Bd3 O-O 9. Nge2 Re8 10. O-O Nf8 11. f3 Ng6 12. e4 dxe4 13. fxe4 Be6 14. h3 Rc8 15. Rad1 c5 16. d5 Bd7 17. d6 Bxd6 18.
Bxf6 gxf6 19. Bc4 Be5 20. Qb3 Kg7 21. Bxf7 Re7 22. Bc4 Rb8 23. Nd5 Re8 24. Nef4 Bd4+ 25. Rxd4 cxd4 26. Nh5+ Kh8 27. Nhxf6 Re5 28. Qg3 Rc8 29. Bb3 Be6 30. h4 Bxd5 31. Bxd5 Qd6 32. h5 Ne7 33. Bb3 Rf8 34. Qh4 Nc6 35. h6 Qe7 36. Bd5 d3 37. Qf4 d2 38. Bb3 Nd4 39.
Bd1 b6 40. Kh2 Nc6 41. Kg1 Re6 42. e5 Nxe5 43. Nd5 Rxf4 44. Nxe7 Rxf1+ 45. Kxf1 Rxe7 46. Kf2 Nd3+ 47. Kf3 Nxb2 48. Bc2 d1=Q+ 49. Bxd1 Nxd1 50. Kf4 Nc3 51. g4 Nxa2 52. g5 Re6 53. Kf5 Rg6 54. Kg4 Nc3 55. Kf4 Nb5 56. Kg4 Nc7 57. Kf4 Ne6+ 58. Kg4 Nxg5 59. Kf4 Nf7 60. Kf5 Rxh6 61. Ke4 Rg6 62. Kd5 h5 63. Kc4 a6 64. Kd5 h4 65.
Ke4 Kg7 66. Kd4 h3 67. Kc4 h2 68. Kb4 h1=Q 69. Kc3 Qh4 70. Kb3 Rg3+ 71. Kc2 Qh2+ 72. Kd1 Rg2 73. Ke1 b5 74. Kf1 b4 0-1

[Event "Early-Titled-Tuesday-Blitz-March-05-2024"]
[Site "Chess.com"]
[Date "2024.03.05"]
[Round "11"]
[White "Kobalia"]
[Black "Hamisandwich"]
[Result "1-0"]
[WhiteElo "2817"]
[BlackElo "2658"]
[TimeControl "180+1"]
[EndTime "10:10:18 PST"]
[Termination "Kobalia won by resignation"]

1. e4 g6 2. d4 d6 3. Bc4 e6 4. Nf3 Bg7 5. O-O Ne7 6. c3 O-O 7. Bb3 Nbc6 8. Re1 Na5 9. Bc2 e5 10. dxe5 dxe5 11. b4 Nc4 12. Bb3 Nd6 13. Nbd2 a5 14.
Nc4 Nxc4 15. Qxd8 Rxd8 16. Bxc4 h6 17. b5 g5 18. h3 Ng6 19. Be3 Nf4 20. b6 c6 21. Red1 Be6 22. Bxe6 Nxe6 23. Nd2 Bf8 24. Nc4 Bc5 25. Rxd8+ Rxd8 26. Bxc5 Nxc5 27. Nxe5 Rd2 28.
Nc4 Rc2 29. Nxa5 Rxc3 30. a4 Kf8 31. Rb1 Ke8 32. Nxc6 Nxa4 33. Na5 Nc5 34. f3 Kd7 35. Rd1+ Ke7 36. Rd5 Ke6 37. Kh2 f6 38. Kg3 h5 39.
h4 Nxe4+ 40. Kh2 Nc5 41. Rd1 g4 42. Re1+ Kf5 43. Rf1 Kf4 44. fxg4+ Kxg4 45. Rxf6 Kxh4 46. Rf7 Kg5 47. Nxb7 Nxb7 48. Rxb7 Rb3 49. Rb8 Kh4 50. b7 Rb2 51. Kh1 Kg3 52. Rg8+ Kh4 53. g3+ Kh3 54.
b8=Q Rh2+ 55. Kg1 Rg2+ 56. Kf1 Rf2+ 57. Kxf2 h4 58. Rh8 1-0

[Event "Early-Titled-Tuesday-Blitz-March-05-2024"]
[Site "Chess.com"]
[Date "2024.03.05"]
[Round "11"]
[White "KetiTsatsalashvili"]
[Black "HanSchut"]
[Result "1-0"]
[WhiteElo "2477"]
[BlackElo "2318"]
[TimeControl "180+1"]
[EndTime "10:10:19 PST"]
[Termination "KetiTsatsalashvili won on time"]

1. d4 Nf6 2. Nf3 g6 3. c4 Bg7 4.
Nc3 d5 5. cxd5 Nxd5 6. e4 Nxc3 7. bxc3 c5 8. Rb1 O-O 9. Be2 Nc6 10. Be3 cxd4 11. cxd4 Qa5+ 12. Qd2 Qxd2+ 13. Kxd2 Rd8 14. d5 e6 15. Bg5 f6 16. Be3 exd5 17. exd5 Rxd5+ 18.
Kc3 Kh8 19. Bc4 Rd8 20. Rhd1 Rxd1 21. Rxd1 Bg4 22. h3 Bxf3 23. gxf3 Rc8 24. Be6 Rc7 25. Bf4 Ne5+ 26. Kb3 Bf8 27. Rd8 Kg7 28. Bd5 b6 29. Be6 g5 30. Bd2 Re7 31. Bd5 Rd7 32. Rxd7+ Nxd7 33. Bc3 Bd6 34. Kc4 Be5 35. Bd2 h5 36.
Kb5 Nc5 37. Kc6 Bf4 38. Bb4 Nd3 39. Be7 Nxf2 40. Kb7 Nxh3 41. Kxa7 Nf2 42. Kxb6 h4 43. Be6 Nd3 44. a4 Ne5 45. a5 Nxf3 46. a6 Be3+ 47. Bc5 Nd4 48. Bd7 f5 49. a7 h3 50. a8=Q h2 51.
Qf8+ Kg6 52. Qg8+ Kh5 53. Qh7+ Kg4 54. Bxf5+ Kg3 55. Qxh2+ Kxh2 56. Bd6+ Kg2 57. Bd7 Ne2+ 58. Kc7 Nf4 59. Bc6+ Kf2 60. Be7 Ne6+ 61. Kd6 1-0

[Event "Early-Titled-Tuesday-Blitz-March-05-2024"]
[Site "Chess.com"]
[Date "2024.03.05"]
[Round "11"]
[White "Oleksandr_Bortnyk"]
[Black "Sina_Movahed"]
[Result "1-0"]
[WhiteElo "2999"]
[BlackElo "3039"]
[TimeControl "180+1"]
[EndTime "10:10:20 PST"]
[Termination "Oleksandr_Bortnyk won by resignation"]

1. e4 c6 2. d4 d5 3. Nc3 g6 4. Bf4 Bg7 5. e5 f6 6. Qd2 Nd7 7. Nf3 fxe5 8. dxe5 e6 9. h4 Ne7 10. O-O-O O-O 11. h5 b5 12. g3 b4 13. Ne2 Qa5 14.
Kb1 c5 15. hxg6 Nxg6 16. Bh6 Rxf3 17. Bxg7 Rf7 18. Bh6 Ndxe5 19. Nf4 c4 20. Qd4 Qb6 21. Nxg6 Qxd4 22. Rxd4 Nxg6 23. f4 Ne7 24. g4 Bb7 25. Bh3 Re8 26. Re1 Bc8 27. c3 bxc3 28. bxc3 Rd8 29. Rd2 Ng6 30. Rf2 Ne7 31. Bg5 Rdf8 32. f5 Re8 33. Rfe2 Nc6 34. Bg2 Rb7+ 35. Ka1 Rb5 36.
fxe6 Bb7 37. Bf6 Na5 38. e7 Rb6 39. g5 Ra6 40. Kb1 Rd6 41. Rh1 Bc8 42. Re5 Bb7 43.
Kc1 d4 44. Bxb7 Nxb7 45. cxd4 Rxd4 46. Re2 Rd7 47. Reh2 Rexe7 48. Bxe7 Rxe7 49. g6 Nc5 50. Rxh7 Re2 51. Rc7 Nd3+ 52. Kb1 Rb2+ 53. Ka1 Rc2 54. g7 Rc1+ 55. Rxc1 Nxc1 56. Rxc4 Nd3 57. Rc7 a6 58. Kb1 Nb4 59. Kb2 Nd5 60. Ra7 1-0

[Event "Early-Titled-Tuesday-Blitz-March-05-2024"]
[Site "Chess.com"]
[Date "2024.03.05"]
[Round "11"]
[White "KorolDimitriy75"]
[Black "IngOscarArdila"]
[Result "1/2-1/2"]
[WhiteElo "2427"]
[BlackElo "2329"]
[TimeControl "180+1"]
[EndTime "10:10:21 PST"]
[Termination "Game drawn by stalemate"]

1. d4 Nf6 2. c4 e6 3. Nc3 Be7 4. e4 d6 5. Nf3 O-O 6. Bd3 Nbd7 7. e5 Ne8 8. Qe2 f5 9. exf6 Ndxf6 10. O-O Bd7 11. Re1 g6 12. Bh6 Ng7 13. Ng5 Nfh5 14. Qe3 Bxg5 15. Bxg5 Qe8 16. Rad1 Qf7 17. h3 Nf5 18.
Bxf5 gxf5 19. Bh6 Ng7 20. Qg5 Qg6 21. f4 Qxg5 22. Bxg5 Kf7 23. d5 Rae8 24. g3 e5 25. fxe5 dxe5 26. Bh6 Kg6 27. Bxg7 Kxg7 28. Kf2 f4 29. g4 h5 30. Kf3 hxg4+ 31. hxg4 Rh8 32. Rh1 Kg6 33. Ne4 Reg8 34. c5 Kf7 35. Rxh8 Rxh8 36.
Rg1 Rh3+ 37. Kf2 Rd3 38. Rh1 Bxg4 39. Rh7+ Kg6 40. Rxc7 Rxd5 41. Rxb7 Rd4 42. Nd6 Rd2+ 43. Ke1 Re2+ 44. Kf1 e4 45. Re7 e3 46. Nc4 Rf2+ 47.
Ke1 Re2+ 48. Kf1 Rf2+ 49. Ke1 Kf6 50. Re8 Rc2 51. Nxe3 fxe3 52. Rxe3 Rxb2 53. Ra3 Rb7 54. Kd2 Ke5 55. Kc3 Kd5 56. Ra4 Bd7 57. Rc4 Bc6 58.
a3 Rb5 59. Rd4+ Kxc5 60. Rc4+ Kb6 61. Rb4 Ka5 62. Rxb5+ Bxb5 63. Kb2 Ka4 64. Ka1 Bc4 65.
Kb1 Kb3 66. Ka1 a5 67. a4 Bd3 1/2-1/2

[Event "Early-Titled-Tuesday-Blitz-March-05-2024"]
[Site "Chess.com"]
[Date "2024.03.05"]
[Round "11"]
[White "ilqar_74"]
[Black "AldokhinIvan"]
[Result "1-0"]
[WhiteElo "2832"]
[BlackElo "2669"]
[TimeControl "180+1"]
[EndTime "10:10:22 PST"]
[Termination "ilqar_74 won on time"]

1. e4 c5 2. Nf3 e6 3. d4 cxd4 4. Nxd4 a6 5. Bd3 Nf6 6. O-O Qc7 7. c4 Bd6 8. g3 Nc6 9. Nxc6 dxc6 10. Nc3 e5 11. Qe2 Be6 12. f3 Rd8 13. Be3 Nd7 14.
Qf2 O-O 15. Rac1 Bc5 16. Bxc5 Nxc5 17. Qxc5 Rxd3 18. b3 Rfd8 19. g4 h5 20. h3 R8d7 21. Rc2 b6 22. Qf2 Qd8 23. Na4 R7d4 24. Qg3 Qd6 25. gxh5 Rxe4 26. Rg2 Qf8 27. h6 g6 28. Qg5 Ree3 29. Rg3 Kh7 30. Rf2 Qxh6 31. Qxh6+ Kxh6 32. Nxb6 f5 33. Kh2 f4 34. Rg1 Rxf3 35. Rxf3 Rxf3 36. Re1 Rxh3+ 37. Kg2 Re3 38. Rxe3 fxe3 39.
Kf3 g5 40. Kxe3 g4 41. Na4 Kg5 42. Nc5 Bc8 43. Ne4+ Kh4 44. Kf2 Bf5 45. Ng3 Bb1 46.
b4 Bxa2 47. c5 Bd5 48. Nf5+ Kg5 49. Ne3 Be4 50. Kg3 Bf3 51. Nc4 Kf5 52. Nd2 e4 53. Nc4 1-0

[Event "Early-Titled-Tuesday-Blitz-March-05-2024"]
[Site "Chess.com"]
[Date "2024.03.05"]
[Round "11"]
[White "EvgenyBurmakin"]
[Black "santosalberto1987"]
[Result "0-1"]
[WhiteElo "2347"]
[BlackElo "2531"]
[TimeControl "180+1"]
[EndTime "10:10:23 PST"]
[Termination "santosalberto1987 won by resignation"]

1. e4 e6 2. d4 d5 3. Nd2 c5 4. Ngf3 cxd4 5. exd5 Qxd5 6. Bc4 Qd6 7. O-O Nf6 8. Re1 Nc6 9. Nb3 Bd7 10. Nbxd4 Nxd4 11. Qxd4 Qxd4 12. Nxd4 Rc8 13. Bb3 Bc5 14. Nf5 O-O 15. Ne3 Bc6 16. Bd2 Ne4 17. Rad1 Nxd2 18. Rxd2 Rfd8 19.
Red1 Rxd2 20. Rxd2 Kf8 21. Kf1 Ke7 22. Ke2 Bxe3 23.
Kxe3 Bxg2 24. f3 Bh3 25. Rd4 Bf5 26. Ra4 a6 27. Rb4 Rc7 28. c3 e5 29. a4 Bd7 30. a5 Bc6 31. Rh4 h6 32. Rg4 g5 33.
h4 f5 34. Rg1 Kf6 35. hxg5+ hxg5 36. Rd1 Rd7 37. Rg1 f4+ 38. Ke2 e4 39. fxe4 Bxe4 40.
Bc4 Kf5 41. b4 g4 42. b5 axb5 43. Bxb5 Bf3+ 44. Kf2 Rd2+ 45. Ke1 Rd1+ 46. Kf2 g3+ 47. Rxg3 fxg3+ 48. Kxf3 Rg1 49. a6 bxa6 50. Bxa6 Kg5 51. c4 Kh4 52. Bb7 Rc1 53. Bd5 Kh3 54. Ke3 Rxc4 55.
Bxc4 g2 56. Kf2 Kh2 57. Bf1 g1=Q+ 58. Ke1 Kg3 59. Ke2 Qf2+ 0-1

[Event "Early-Titled-Tuesday-Blitz-March-05-2024"]
[Site "Chess.com"]
[Date "2024.03.05"]
[Round "11"]
[White "BardArtem"]
[Black "Fandorine"]
[Result "1-0"]
[WhiteElo "2748"]
[BlackElo "2904"]
[TimeControl "180+1"]
[EndTime "10:10:24 PST"]
[Termination "BardArtem won by resignation"]

1. e4 c6 2. d4 d5 3. exd5 cxd5 4. Bd3 Nc6 5. c3 Qc7 6. h3 e6 7. Nf3 Bd6 8. a4 Nge7 9. Na3 a6 10. Nc2 f6 11.
Ne3 O-O 12. Bc2 Bd7 13. Qd3 f5 14. Qe2 Rae8 15. Bd2 Ng6 16. Qd1 Qd8 17. O-O Kh8 18. Re1 Bb8 19. Nf1 Qc7 20. Qc1 e5 21. dxe5 Ncxe5 22. Nxe5 Rxe5 23. Rxe5 Qxe5 24. Qd1 Bc6 25. Be3 f4 26. Bd4 Qg5 27. Qg4 Qxg4 28. hxg4 Be5 29. Bxg6 Bxd4 30. cxd4 hxg6 31. Nd2 Re8 32. Nf3 Re4 33.
b3 Kg8 34. Rd1 Kf8 35. Ne5 g5 36. f3 Re3 37. Rc1 Be8 38. b4 Rb3 39. b5 axb5 40.
axb5 Rxb5 41. Rc8 Ke7 42. Rc7+ Kd8 43. Rxg7 Rb4 44. Rxg5 Rxd4 45. Rg8 Ke7 46. g5 b5 47. g6 Rd1+ 48. Kh2 Re1 49. Rxe8+ Kxe8 50. g7 Rxe5 51.
g8=Q+ Ke7 52. Qb8 Ke6 53. Qxb5 Kd6 54. Qb6+ Ke7 55. Kg1 Re6 56. Qc7+ Kf6 57. Qxf4+ Ke7 58. Qd4 Rd6 59. Kf2 Ke6 60. g4 Kd7 61. f4 Kc6 62.
f5 Rd8 63. Qf6+ 1-0

[Event "Early-Titled-Tuesday-Blitz-March-05-2024"]
[Site "Chess.com"]
[Date "2024.03.05"]
[Round "11"]
[White "enriquebutti"]
[Black "tolimachess"]
[Result "0-1"]
[WhiteElo "2212"]
[BlackElo "2421"]
[TimeControl "180+1"]
[EndTime "10:10:25 PST"]
[Termination "tolimachess won by resignation"]

1. d4 d6 2. e4 e5 3. c3 Nf6 4.
Bd3 Be7 5. Nf3 Nbd7 6. h3 O-O 7.
O-O c6 8. Re1 Qc7 9. Nbd2 Re8 10. Nf1 Nf8 11. Ng3 Ng6 12. Be3 a5 13. a4 h6 14. Qd2 Bf8 15. Nh2 d5 16. exd5 Nxd5 17. Bxg6 fxg6 18. dxe5 Rxe5 19. Bd4 Rxe1+ 20. Rxe1 Bd7 21.
Nf3 Qf4 22. Qc2 Bf5 23. Nxf5 Qxf5 24. Qb3 Qc8 25. Ne5 Kh7 26. Qc2 Qf5 27. Qb3 Qc8 28.
c4 Nf4 29. Be3 Ne6 30. Qc2 Qe8 31. Bb6 Bb4 32. Re3 Nf8 33. Bd4 Rd8 34. Qe4 Qe6 35. Rg3 Qf5 36. Qe3 g5 37. Rf3 Qb1+ 38. Kh2 Ne6 39. Bc3 Bd6 40. g3 Rf8 41. Rxf8 Nxf8 42. Qf3 Ng6 43. Ng4 Kg8 44. Qe3 Qf5 45. Qb6 h5 46. Ne3 Qxf2+ 47. Ng2 Bxg3+ 48. Kh1 Qf1+ 49. Qg1 Qxg1+ 50. Kxg1 Be5 51. Bxe5 Nxe5 52. b3 Kf7 53. Ne3 Ke6 54. Kf2 Nd3+ 55. Ke2 Nc5 56. Ng2 Nxb3 57. Kd3 Nc5+ 58. Kd4 Nxa4 0-1

[Event "Early-Titled-Tuesday-Blitz-March-05-2024"]
[Site "Chess.com"]
[Date "2024.03.05"]
[Round "11"]
[White "mishanick"]
[Black "Firouzja2003"]
[Result "0-1"]
[WhiteElo "3081"]
[BlackElo "3230"]
[TimeControl "180+1"]
[EndTime "10:10:28 PST"]
[Termination "Firouzja2003 won by resignation"]

1. d4 Nf6 2. c4 g6 3. Nc3 Bg7 4. e4 d6 5. Be2 Na6 6. Nf3 O-O 7. O-O e5 8. Be3 Qe7 9. Nd5 Nxd5 10. cxd5 exd4 11.
Bxd4 Nc5 12. Bxg7 Kxg7 13. Qd4+ f6 14. b4 Nd7 15. Rac1 Ne5 16. Nd2 g5 17. Rc3 c6 18.
Rfc1 Bd7 19. Nf1 a5 20. a3 axb4 21. Qxb4 c5 22. Qb1 f5 23. exf5 Bxf5 24. Qb2 Rf7 25. Ng3 Bg6 26. Bh5 Ra4 27. Bxg6 hxg6 28. Re3 Rd4 29. Rce1 Qf6 30. Qe2 Rxd5 31. Ne4 Qf4 32.
Nxd6 Ng4 33. g3 Qxd6 34. Qxg4 Rdf5 35. Rf1 b5 36. a4 b4 37. Qc4 Qd5 38. Re4 Qxc4 39.
Rxc4 Ra7 40. Ra1 Ra5 41. Kf1 Kf6 42. Ke2 Ke6 43. Re4+ Kd5 44. f3 Re5 45. Kd3 Rf5 46.
Ke3 Rf6 47. h4 gxh4 48. gxh4 Kc6 49. f4 Rd6 50. Rc4 Re6+ 51. Kd3 Ra8 52. Rg1 Rd8+ 53. Kc2 Re2+ 54. Kb1 Rdd2 55. Rg5 Rd1+ 56. Rc1 Rxc1+ 57.
Kxc1 c4 58. Rxg6+ Kc5 59. h5 b3 60. h6 c3 61. Rg1 Ra2 62. Kb1 c2+ 0-1